 Dungeon Crawl Stone Soup version 0.29.1-1-gd02db6906a (webtiles) character file.

Game seed: 11035276697626876467

107 unlimited1921 the Magician (level 5, -4/35 HPs)
             Began as a Djinni Fire Elementalist on Oct 21, 2022.
             Slain by a scorpion (9 damage)
             ... on level 4 of the Dungeon.
             The game lasted 00:11:27 (5863 turns).

unlimited1921 the Magician (DjFE)                   Turns: 5863, Time: 00:11:27

Health: -4/35      AC:  2    Str:  7    XL:     5   Next: 11%
Gold:   124        EV: 12    Int: 19    God:
                   SH:  0    Dex: 13

rFire   + + .      SeeInvis .   x - +0 sling (flame)
rCold   x . .      Faith    .   v - orb {mayhem}
rNeg    . . .      Spirit   .   a - +0 robe
rPois   ∞          Reflect  .   (no helmet)
rElec   .          Harm     .   (no cloak)
rCorr   .          Rampage  .   (no gloves)
Will    .....                   (boots unavailable)
Stlth   ++........              m - amulet of the acrobat
HPRegen 0.11/turn               (no ring)
MPRegen 0.00/turn               (no ring)

@: flying
A: sickness immunity, fire resistance 2, cold vulnerability 1, float, innate
caster, HP casting, extra vitality 1
a: no special abilities


You were on level 4 of the Dungeon.
You visited 1 branch of the dungeon, and saw 4 of its levels.

You collected 124 gold pieces.

Inventory:

Hand Weapons
 e - a +0 short sword
 i - a +0 quarterstaff
 l - a +0 trident
 n - a +2 dagger of draining
 x - a +0 sling of flaming (weapon)
Missiles
 w - 2 boomerangs
 y - 6 stones
Armour
 a - a +0 robe (worn)
 b - a +0 leather armour
 v - an orb of mayhem (worn)
Jewellery
 m - an amulet of the acrobat (around neck)
Scrolls
 d - a scroll of poison {unknown}
 j - a scroll of enchant armour {unknown}
 k - 2 scrolls of amnesia {unknown}
 o - 3 scrolls of identify {unknown}
 r - a scroll of brand weapon {unknown}
 s - a scroll of torment {unknown}
 u - a scroll of vulnerability {unknown}
Potions
 c - a potion of invisibility {unknown}
 f - 4 potions of curing {unknown}
 g - a potion of attraction {unknown}
 h - 2 potions of heal wounds {unknown}
 p - 2 potions of lignification {unknown}
 q - a potion of flight {unknown}
 t - a potion of resistance {unknown}


   Skills:
 + Level 0.1 Fighting
 + Level 0.1 Polearms
 + Level 2.4 Dodging
 + Level 2.2 Stealth
 + Level 3.8 Spellcasting


You couldn't memorise any spells.
You knew the following spells:

 Your Spells              Type           Power      Damage    Failure   Level
a - Foxfire               Conj/Fire      72%        2x1d7     3%          1
b - Scorch                Fire           36%        2d6       4%          2
c - Conjure Flame         Conj/Fire      18%        6-21      9%          3
d - Inner Flame           Hex/Fire       18%        N/A       9%          3
e - Flame Wave            Conj/Fire      18%        2d7       28%         4
f - Freeze                Ice            72%        1d9       3%          1
g - Wereblood             Tmut           18%        N/A       4%          2
Your spell library was empty.

Dungeon Overview and Level Annotations

Branches:
Dungeon (4/15)
 Temple: D:4-7

Altars:
Xom
The Shining One

Shops:
D:1 ?   D:2 (   D:3 [

Annotations:
D:2 1 runed translucent door, Crazy Yiuf


Innate Abilities, Weirdness & Mutations

You are immune to sickness and miasma.
You are immune to poison.
Your flesh is very heat resistant. (rF++)
You are vulnerable to cold. (rC-)
You float through the air rather than walking.
You learn spells naturally, not from books.
Your magical power is your life essence.
You have superior vitality. (+4 MHP)


Message History

The foxfire hits the scorpion.
The scorpion is moderately wounded.
The scorpion barely misses your foxfire.
An orc priest comes into view. It is wielding a +0 hand axe.
The scorpion stings your foxfire!
Casting: Foxfire (safe; 3% risk of failure)
Confirm with . or Enter, or press ? or * to list all spells.
You conjure some foxfire!
The foxfire hits the scorpion.
The scorpion is moderately wounded.
The foxfire hits the scorpion.
The scorpion is moderately wounded.
The scorpion stings you! x2
* * * LOW HITPOINT WARNING * * *
Unknown command.
Casting: Foxfire (safe; 3% risk of failure)
Confirm with . or Enter, or press ? or * to list all spells.
You don't know that spell.
You are too injured to fight recklessly!
Unknown command.
Unknown command.
Unknown command.
Casting: Foxfire (safe; 3% risk of failure)
Confirm with . or Enter, or press ? or * to list all spells.
Flames lash the orc priest.
The orc priest is severely wounded.
The orc priest's fire resistance burns away.
* * * LOW HITPOINT WARNING * * *
You hear a shout!
The foxfire hits the scorpion but does no damage.
The scorpion is moderately wounded.
The foxfire hits the orc priest.
The orc priest is burned terribly!
You kill the orc priest!
The scorpion stings you.
* * * LOW HITPOINT WARNING * * *
You hear a shout!
You have reached level 5!
The power to cast Wereblood wells up from within.
Spell assigned to 'g'.
The scorpion attacks as you move away! The scorpion stings you!
You die...

###.. .... ... . # #..
.# .#. .. ###. #.## #.
....##.#####.... ... .
#....s†...#.#.# #.#.#
.#....)@##.#.#.###.#.#
......).§............
.#.#..####...##.#..#
#...........##.#.÷#
####.#.###........# #
#.##.##.##
#.##.##÷####
#..........# #.#
#.##...###.#


You could see a neutral scorpion (fast, strong, insane).

Vanquished Creatures
  An orc priest (D:4)
  A gnoll (D:1)
  An adder (D:2)
  A worm (D:2)
  3 dart slugs
  3 bats (D:1)
  A bat skeleton (D:2)
  6 endoplasms
  A giant cockroach (D:1)
  2 goblins
  5 hobgoblins
  3 jackals (D:1)
  5 kobolds
  A quokka (D:2)
  6 ball pythons
  4 frilled lizards
  A quokka zombie (D:2)
  8 rats
53 creatures vanquished.

Vanquished Creatures (collateral kills)
  A foxfire (D:3)
1 creature vanquished.

Vanquished Creatures (others)
  168 foxfires
168 creatures vanquished.

Grand Total: 222 creatures vanquished

Notes
Turn   | Place    | Note
-------+----------+-------------------------------------------
     0 | D:1      | unlimited1921 the Djinni Fire Elementalist began the quest
                  | for the Orb.
     0 | D:1      | unlimited1921 set off with the following spells memorised:
                  | Foxfire, Scorch, Conjure Flame, Inner Flame, Flame Wave.
     0 | D:1      | Reached XP level 1. HP: 15/15 MP: 0/0
   186 | D:1      | Reached XP level 2. HP: 11/21 MP: 0/0
  1274 | D:1      | Reached skill level 3 in Spellcasting
  1274 | D:1      | Reached XP level 3. HP: 18/25 MP: 0/0
  1274 | D:1      | Learned a level 1 spell: Freeze
  1469 | D:1      | Found Yzietu's Magic Scroll Emporium.
  2222 | D:2      | Found Mualawef's Weapon Boutique.
  2831 | D:2      | Reached XP level 4. HP: 10/31 MP: 0/0
  3564 | D:2      | Found a shimmering altar of Xom.
  4005 | D:2      | Found a runed translucent door.
  4006 | D:2      | Noticed Crazy Yiuf
  4212 | D:3      | Found Hifead's Antique Armour Shop.
  4401 | D:3      | Found a glowing golden altar of the Shining One.
  5855 | D:4      | Noticed a scorpion
  5863 | D:4      | Reached XP level 5. HP: 5/35 MP: 0/0
  5863 | D:4      | Learned a level 2 spell: Wereblood
  5863 | D:4      | Slain by a scorpion

Illustrated notes

Levels and vault maps discovered:
D:1:      giann_forest_graveyard, layout_loops_ring, serial_shops,
          nicolae_shop_crystal, hangedman_decor_growths
D:2:      layout_basic, serial_shops, nicolae_shop_bloodbath_and_beyond,
          basic_altar, serial_undead, serial_undead_f, serial_undead_a,
          serial_undead_d, serial_undead_a, chequers_hall_statues_y,
          kennysheep_nondescript, uniq_crazy_yiuf_cottage
D:3:      layout_rooms, mainiacjoe_overflow_big_doors, serial_shops, shop
D:4:      layout_loops_cross, uniq_pikel

Skill      XL: |  1  2  3 |
---------------+----------+-----
Spellcasting   | 3 |  3.8
Stealth        | 2 |  2.2
Fighting       | |  0.1
Polearms       | |  0.1
Dodging        | |  2.4

Action                   |  1- 3 |  4- 6 || total
-------------------------+-------+-------++-------
Melee: Trident           |     9 |     7 ||    16
 Fire: Sling             |       |     4 ||     4
 Cast: Foxfire           |    56 |    52 ||   108
       Scorch            |     7 |     6 ||    13
       Inner Flame       |     2 |       ||     2
 Stab: Sleeping          |     2 |     1 ||     3
Armor: Robe              |     4 |       ||     4
Dodge: Dodged            |     9 |     1 ||    10
